Cogmind - Beta 15 @@@ ROGUE MODE // 2025.05.29 @ 07:52:20 Player: naththebg Result: Destroyed by H-81 Overseer with Heavy Linear Accelerator Performance ------------- Evolutions (9) 4500 Regions Visited (27) 5400 Robots Destroyed (251) 1255 Value Destroyed (12361) 12361 Prototype IDs (80) 1600 Alien Tech Used (6) 1200 Bonus (17709) 17709 TOTAL SCORE: 44025 Bonus ------- Triggered High Security 500 Triggered Max Security 1000 High Alert Combat Kills 4870 Follower Combat Kills 164 Aligned with FarCom 300 Met Data Miner 300 Met Zhirov 300 Met Warlord at Base 500 MAIN.C Attacked Warlord 500 Warlord Defense Kills 320 Found Hidden Lab 3000 Used Core Reset Matrix 3000 Met Warlord at Research 2000 Scanned by Researcher 500 Pursued by Intercept 500 Friendly Fire -45 Cogmind --------- Core Integrity 0/1600 Matter 290/300 Energy 99/100 System Corruption 25% Temperature Cool (0) Movement Core (50) Location -1/Access Parts ------- > --- POWER (3) -------- (None) > --- PROPULSION (6) --- Centrium Leg > --- UTILITY (11) ----- Propulsion Shielding > --- WEAPON (6) ------- (None) > --- INVENTORY (5) ---- AWS/Autocannon Guided Remote Datajack RU-N14's Throwing Claymores v3 (5) Peak State ------------ > --- POWER ------------ Quantum Reactor Quantum Reactor Reinforced Quantum Reactor > --- PROPULSION ------- Centrium Heavy Treads Centrium Heavy Treads Centrium Heavy Treads > --- UTILITY ---------- Advanced Cooling System Huge Storage Unit Compact Battery Advanced Particle Accelerator Advanced Particle Accelerator Quantum Capacitor Advanced Thermal Shield AEGIS Remote Shield Hacking Suite Deep Network Scanner > --- WEAPON ----------- Vortex Shotgun Enhanced Quantum Rifle Heavy Proton Cannon Warp Cannon Linked Autogun > --- INVENTORY -------- Quantum Reactor Centrium Leg Improved Kinecellerator Advanced Phase Shifter Experimental Cloaking Device Graphene Brace Improved Hacking Suite Improved Dynamic Insulation System Advanced System Restoration Module Immobilizer Vortex Shotgun Linked Autogun AWS/Autocannon Guided Remote Datajack RU-N14's Throwing Claymores v3 [Rating: 221] Favorites ----------- Power Antimatter Reactor Engine Improved Deuterium Engine Power Core Micro Fission Core Reactor Antimatter Reactor Propulsion Improved Carbon-fiber Leg Treads Centrium Heavy Treads Leg Improved Carbon-fiber Leg Wheel Wheel Hover Unit Backup Propulsion III Flight Unit Q-thruster Utility Large Storage Unit Device Improved Heat Sink Storage Large Storage Unit Processor Improved Signal Interpreter Hackware Hacking Suite Protection Makeshift Ablative Armor Artifact LC Capacitor Weapon Gatling Laser Energy Gun Gatling Laser Energy Cannon Warp Cannon Ballistic Gun Linked Autogun Ballistic Cannon Compact Linear Accelerator Launcher Thermoblaster Special Weapon Guided Remote Datajack Slashing Weapon Axe Piercing Weapon Plasma Lance Build | -11 -10 -10 -10 -9 -8 -7 -6 -6 -6 -6 -5 -5 -5 -5 -5 -4 -4 -4 -4 -4 -3 -3 -3 -3 -2 -2 -1 ------- Run | Yrd Mat Min Exi Min Mat Fac Fac Low Low Dat Pro Fac Upp Upp War Pro Fac Upp Upp Zhi Pro Res Arm Lab Res Tes Acc Slots Evolved 18 | . . . . . 4 2 2 . . . . 2 . . . . 2 . . . . 2 . . 2 . 2 Power 1 | . . . . . . . . . . . . 1 . . . . . . . . . . . . . . . Propulsion 4 | . . . . . 1 1 . . . . . 1 . . . . . . . . . 1 . . . . . Utility 9 | . . . . . 2 1 1 . . . . . . . . . 1 . . . . 1 . . 1 . 2 Weapon 4 | . . . . . 1 . 1 . . . . . . . . . 1 . . . . . . . 1 . . Parts Attached 223 | 6 6 2 . . 26 23 3 1 3 . 2 14 1 . 20 . 22 1 3 4 . 5 13 7 26 2 33 Power 23 | 1 . . . . 2 3 . . . . . 3 . . 1 . 3 . . 1 . . . . 5 . 4 Engine 6 | 1 . . . . 2 2 . . . . . 1 . . . . . . . . . . . . . . . Core 6 | . . . . . . 1 . . . . . 2 . . 1 . 1 . . . . . . . 1 . . Reactor 11 | . . . . . . . . . . . . . . . . . 2 . . 1 . . . . 4 . 4 Propulsion 63 | 2 2 . . . 4 7 . . 2 . 2 2 . . 8 . 8 . . 1 . 2 7 . 7 1 8 Treads 14 | . 2 . . . . . . . . . . . . . . . . . . . . . 1 . 6 1 4 Leg 34 | 2 . . . . 4 7 . . 2 . 2 1 . . 1 . 4 . . 1 . 2 6 . 1 . 1 Wheel 1 | . . . . . . . . . . . . 1 . . . . . . . . . . . . . . . Hover 11 | . . . . . . . . . . . . . . . 6 . 4 . . . . . . . . . 1 Flight 3 | . . . . . . . . . . . . . . . 1 . . . . . . . . . . . 2 Utility 87 | 1 4 2 . . 10 8 3 1 1 . . 4 1 . 4 . 6 1 2 2 . 3 5 2 12 1 14 Device 51 | . 3 2 . . 3 8 3 . 1 . . 2 . . 3 . 4 1 2 . . 1 3 1 3 1 10 Storage 7 | 1 1 . . . . . . . . . . 1 . . . . . . . 1 . . 1 . 2 . . Processor 10 | . . . . . 2 . . 1 . . . . . . . . 1 . . . . . . . 5 . 1 Hackware 7 | . . . . . . . . . . . . 1 1 . . . . . . . . 2 1 . . . 2 Protection 11 | . . . . . 5 . . . . . . . . . 1 . 1 . . 1 . . . . 2 . 1 Artifact 1 | . . . . . . . . . . . . . . . . . . . . . . . . 1 . . . Weapon 50 | 2 . . . . 10 5 . . . . . 5 . . 7 . 5 . 1 . . . 1 5 2 . 7 Energy Gun 29 | 2 . . . . 6 3 . . . . . 4 . . 3 . 4 . 1 . . . 1 1 . . 4 Energy Cannon 2 | . . . . . . . . . . . . . . . . . . . . . . . . 1 . . 1 Ballistic Gun 4 | . . . . . 2 . . . . . . . . . . . . . . . . . . . . . 2 Ballistic Cannon 4 | . . . . . 1 1 . . . . . . . . . . . . . . . . . . 2 . . Launcher 5 | . . . . . . 1 . . . . . 1 . . 2 . 1 . . . . . . . . . . Special Weapon 4 | . . . . . . . . . . . . . . . 1 . . . . . . . . 3 . . . Impact Weapon . | . . . . . . . . . . . . . . . . . . . . . . . . . . . . Slashing Weapon 1 | . . . . . 1 . . . . . . . . . . . . . . . . . . . . . . Piercing Weapon 1 | . . . . . . . . . . . . . . . 1 . . . . . . . . . . . . Special Melee Weapon . | . . . . . . . . . . . . . . . . . . . . . . . . . . . . Unidentified Prototypes 37 | . . 2 . . 1 1 . . . . . 3 . . 8 . 1 . . 4 . 1 1 5 5 . 5 Parts Lost 68 | . . . . . 7 . 1 . 1 . 3 19 6 . . . 2 . 2 . . 1 . 1 1 15 9 Power 7 | . . . . . 1 . . . . . . 3 . . . . . . 1 . . . . . . 2 . Propulsion 19 | . . . . . 2 . . . 1 . 2 6 1 . . . 1 . . . . . . . . 3 3 Utility 24 | . . . . . 2 . 1 . . . 1 5 3 . . . 1 . 1 . . 1 . 1 . 5 3 Weapon 18 | . . . . . 2 . . . . . . 5 2 . . . . . . . . . . . 1 5 3 Highest Loss Streak 15 | . . . . . 4 . 1 . 1 . 2 8 6 . . . 2 . 1 . . 1 . 1 1 15 3 To Critical Strikes . | . . . . . . . . . . . . . . . . . . . . . . . . . . . . Average Backups 12 | 3 10 15 14 13 12 12 11 12 12 13 12 11 6 3 8 12 11 12 11 11 12 11 12 15 19 18 11 Power . | . 1 1 1 1 . 1 1 . . . . . . . . 1 1 2 1 1 1 1 1 1 1 1 . Propulsion 1 | 2 4 5 3 2 1 1 2 2 2 2 1 . . . . 2 2 1 1 . . . 1 1 3 3 1 Utility 4 | . 4 7 8 8 7 5 4 5 5 6 5 5 2 1 1 2 . 1 1 1 2 1 1 3 4 6 4 Weapon 5 | . 1 1 1 2 2 4 4 5 5 5 5 5 2 1 4 7 7 8 8 8 8 8 8 9 8 5 3 Tool/Special . | . . . . . . . . . . . . . . . . . . . . . . . . . . . . Unused Backups 30 | . . 2 3 . 4 3 1 . . . . 2 2 . 5 . . . . . . . . . . . 8 Power 1 | . . . . . . . . . . . . . . . . . . . . . . . . . . . 1 Propulsion 9 | . . 2 2 . 1 1 . . . . . . . . . . . . . . . . . . . . 3 Utility 11 | . . . 1 . 2 2 . . . . . 1 2 . 2 . . . . . . . . . . . 1 Weapon 7 | . . . . . 1 . 1 . . . . . . . 2 . . . . . . . . . . . 3 Tool/Special 2 | . . . . . . . . . . . . 1 . . 1 . . . . . . . . . . . . Average Slot Usage (%) 87 | . 99 100 100 100 90 99 99 99 99 80 99 81 25 11 59 88 89 100 99 77 100 98 97 88 84 69 59 Engine 3 | . 14 14 14 14 9 5 . 5 6 6 6 1 2 . 7 5 1 . . . . . . . . . . Core 1 | . . . . . . 1 6 . . . . 4 . . . 5 2 . 2 2 . . . . . . . Reactor 3 | . . . . . . . . . . . . . . . . . 5 10 7 7 10 9 9 9 8 6 8 Treads 3 | . 24 28 28 28 7 . . . . . . . . . . . . . . . . . . . 7 11 10 Leg 16 | . 3 . . . 15 30 26 26 25 26 25 20 1 . . . 17 26 26 26 26 27 28 27 8 . . Hover 1 | . . . . . . . . . . . . . . . 18 29 7 . . . . . . . . . . Device 18 | . 13 14 14 14 9 28 27 26 25 26 26 15 4 . 5 17 19 21 25 26 26 23 18 12 13 12 16 Storage 6 | . 14 14 14 14 9 7 6 6 6 6 6 5 2 . 3 5 5 5 5 5 5 4 4 4 6 4 5 Processor 3 | . . . . . 5 1 . 4 6 6 6 5 5 5 5 5 5 5 5 5 5 1 . . . . . Hackware 2 | . . . . . . . . . . . . 2 5 5 4 . . . . . . 6 12 13 12 10 6 Protection 1 | . . . . . 8 . 4 1 . . . . . . 3 5 5 5 . . . . . . 1 2 . Energy Gun 18 | . 28 28 28 28 14 22 26 26 26 7 25 21 1 . 5 5 12 21 25 4 26 23 23 14 15 9 4 Peak Build Rating 221 | 6 9 17 20 13 31 59 66 68 70 66 66 72 48 9 90 90 135 134 134 130 130 147 160 190 203 203 221 Average Rating 87 | 4 7 13 18 13 22 51 64 66 66 52 64 59 18 9 48 90 118 133 130 102 130 144 151 157 191 174 157 On Entrance 75 | . 6 8 17 20 13 31 59 65 67 66 66 61 30 9 9 90 90 134 130 130 130 130 140 158 190 203 57 Naked Turns 27 | . . . . . . . . . . . . . . . . . . . . . . . . . . . 27 Heaviest Build 235 | 13 29 29 29 29 51 52 61 60 50 50 53 67 31 . 49 49 99 95 95 85 85 88 156 159 200 200 235 Greatest Support 245 | 20 46 40 40 40 40 76 72 72 74 69 69 84 12 3 51 57 119 119 119 121 121 159 180 180 245 245 240 Greatest Overweight (x) 5 | 1 . . . . 2 1 . . . . 1 5 2 . 1 . 1 . . . . . . . 2 . 1 Average Overweight (x) . | . . . . . . . . . . . . . . . . . . . . . . . . . . . . Largest Inventory Capacity 25 | 8 15 15 15 15 15 15 15 15 15 15 15 15 15 5 15 15 15 15 15 15 15 15 25 25 25 25 25 Average Capacity 16 | 6 14 15 15 15 15 15 15 15 15 15 15 15 9 5 11 15 15 15 15 15 15 15 15 25 25 25 22 Most Carried 25 | 6 15 15 15 15 15 15 15 15 15 15 15 15 13 5 15 15 15 15 15 15 15 15 16 24 25 25 23 Average Carried 14 | 4 10 14 14 15 14 14 13 14 14 15 14 13 7 5 11 15 14 15 14 14 15 14 15 18 23 23 13 Final Capacity 25 | 8 15 15 15 15 15 15 15 15 15 15 15 15 5 5 15 15 15 15 15 15 15 15 25 25 25 25 5 Final Carried 24 | 6 15 15 15 15 15 15 15 14 15 15 13 13 5 5 15 15 15 15 14 15 15 15 15 22 24 20 5 Class Distribution -------------------- 25% | Skirmisher 21% | Mutant 15% | Scavenger-Skirmisher 7% | Hacker-Executioner 5% | Scavenger-Tank 5% | Hacker-Tank 4% | Hacker-Skirmisher 4% | Tank 3% | Pyromaniac-Tank Dominant Class ---------------- Mutant | -10/Materials Mutant | -10/Mines Mutant | -10/Exiles Mutant | -9/Mines Skirmisher | -8/Materials Skirmisher | -7/Factory Skirmisher | -6/Factory Skirmisher | -6/Lower Caves Skirmisher | -6/Lower Caves Mutant | -6/Data Miner Skirmisher | -5/Proximity Caves Scavenger-Skirmisher | -5/Factory Mutant | -5/Upper Caves Mutant | -5/Upper Caves Mutant | -5/Warlord Scavenger-Mutant | -4/Proximity Caves Tank | -4/Factory Pyromaniac-Tank | -4/Upper Caves Scavenger-Tank | -4/Upper Caves Mutant | -4/Zhirov Scavenger-Skirmisher | -3/Proximity Caves Hacker-Skirmisher | -3/Research Hacker-Skirmisher | -3/Armory Hacker-Tank | -3/Lab Hacker-Executioner | -2/Research Hacker-Executioner | -2/Testing Hacker-Tank | -1/Access Resources | -11 -10 -10 -10 -9 -8 -7 -6 -6 -6 -6 -5 -5 -5 -5 -5 -4 -4 -4 -4 -4 -3 -3 -3 -3 -2 -2 -1 ----------- Run | Yrd Mat Min Exi Min Mat Fac Fac Low Low Dat Pro Fac Upp Upp War Pro Fac Upp Upp Zhi Pro Res Arm Lab Res Tes Acc Matter Collected 4799 | 211 306 6 24 . 518 285 54 102 55 . 153 314 126 . 248 12 221 102 85 . 126 82 19 . 907 229 614 Remotely . | . . . . . . . . . . . . . . . . . . . . . . . . . . . . Salvage Created 10900 | . 393 44 . 8 936 550 111 . 501 . 235 965 168 . 135 . 758 485 605 . . 236 111 . 978 838 2843 Parts 379 | . 12 5 . 2 41 29 8 . 8 . 20 43 6 . 4 . 29 2 19 . . 14 4 . 25 22 86 Haulers Intercepted 7 | . 2 . . . . . . . . . . 1 . . . . 1 . . . . . . . 3 . . Recyclers Shooed 7 | . . 1 . . . 1 . . . . . 1 . . . . 1 . . . . . . . . . 3 Parts Field Recycled . | . . . . . . . . . . . . . . . . . . . . . . . . . . . . Retrieved Matter . | . . . . . . . . . . . . . . . . . . . . . . . . . . . . Parts Self-Destructed 50 | . . . . . . . . 3 6 . 13 . 6 . . . . 5 17 . . . . . . . . Prevented 9 | . . . . . . . . 5 1 . . . . 3 . . . . . . . . . . . . . Kills | -11 -10 -10 -10 -9 -8 -7 -6 -6 -6 -6 -5 -5 -5 -5 -5 -4 -4 -4 -4 -4 -3 -3 -3 -3 -2 -2 -1 ------- Run | Yrd Mat Min Exi Min Mat Fac Fac Low Low Dat Pro Fac Upp Upp War Pro Fac Upp Upp Zhi Pro Res Arm Lab Res Tes Acc Combat Hostiles Destroyed 199 | . 5 3 . . 12 11 2 . 8 . 13 24 3 . 2 . 13 2 14 . . 5 1 1 12 27 41 Melee 1 | . . . . . . . . . . . . . . . . . . . . . . . . . . 1 . Guns 129 | . 5 3 . . 11 8 2 . 8 . 5 19 3 . 1 . 6 2 14 . . 5 . . 4 7 26 Cannons 14 | . . . . . 1 . . . . . . . . . . . . . . . . . . 1 1 3 8 AOE 46 | . . . . . . 2 . . . . 8 2 . . 1 . 7 . . . . . . . 5 16 5 Classes Destroyed 22 | . 7 . . . 2 4 . . . . . . . . 1 . . . . . . . 1 . 2 3 2 Worker 12 | . 1 . . 1 . . . . . . . 3 . . . . 2 . . . . . . . . . 5 Builder 6 | . . . . . . 2 1 . . . . 1 . . . . . . . . . . . . . . 2 Hauler 7 | . 2 . . . . . . . . . . 1 . . . . 1 . . . . . . . 3 . . Recycler 9 | . 1 . . . 5 . . . . . . . . . . . 1 . . . . . . . . . 2 Mechanic 1 | . . . . . . 1 . . . . . . . . . . . . . . . . . . . . . Operator 4 | . 1 . . . . 2 . . . . . . . . . . . . . . . 1 . . . . . Watcher 12 | . 1 . . . 2 1 1 . . . . 2 . . . . 1 . . . . . . . . . 4 Swarmer 51 | . 3 3 . . 1 3 . . . . 10 15 . . . . 4 . 8 . . 4 . . . . . Saboteur 4 | . . . . . . . . . . . . . . . . . . . . . . . . . . 4 . Grunt 72 | . 2 . . . 8 2 . . 7 . 3 2 3 . 1 . 2 2 5 . . . . . 4 18 13 Brawler 12 | . . . . . . 1 . . . . . . . . . . . . . . . . . . . 4 7 Duelist 6 | . . . . . 1 . . . 1 . . 2 . . . . . . . . . . . . . . 2 Protector 3 | . . . . . . . . . . . . . . . . . . . . . . . . . . 1 2 Sentry 10 | . . . . . 2 3 . . . . . 2 . . . . 1 . 1 . . . . . . . 1 Demolisher 1 | . . . . . . . . . . . . . . . . . . . . . . . . . 1 . . Hunter 6 | . . . . . . . . . . . . . . . . . . . . . . . . . 2 . 4 Programmer 18 | . . . . . . 2 2 . . . . 3 . . . . 6 . . . . 1 . . 1 . 3 Heavy 1 | . . . . . . . . . . . . . . . . . . . . . . . . . . . 1 Q-Series 4 | . . . . . . . . . . . . . . . . . . . . . . . . . . . 4 Behemoth 1 | . . . . . . . . . . . . . . . . . . . . . . . 1 . . . . Tracker 2 | . . . . . . . . . . . . . . . . . . . . . . . . . . . 2 Combat Programmer 2 | . . . . . . . . . . . . . . . . . . . . . . . . . . . 2 Investigator 1 | . . . . . . . . . . . . . . . . . . . . . . . . . . 1 . Striker 5 | . . . . . . . . . . . . . . . 1 . . . . . . . . . 4 . . Best Kill Streak 18 | . 4 3 . 1 4 4 2 . 4 . 5 9 3 . 1 . 4 2 7 . . 5 1 1 4 18 18 Combat Bots Only 17 | . 3 3 . . 4 3 1 . 4 . 5 5 3 . 1 . 4 2 7 . . 5 1 1 4 17 17 Max Kills in Single Turn 10 | . 2 1 . 1 1 2 2 . 1 . 2 3 1 . 1 . 2 1 3 . . 2 1 1 2 10 4 Gunslinging 1 | . 1 . . . . . . . . . 1 . . . . . . . 1 . . . . . . . . Exploded 10 | . . . . . . 1 . . . . 2 2 . . 1 . 2 . . . . . . . 2 10 2 Melee 1 | . . . . . . . . . . . . . . . . . . . . . . . . . . 1 . Uniques/NPCs Destroyed 1 | . . . . . . . . . . . . . . . . . . . . . . . . 1 . . . A5 (-3/Lab) Combat | -11 -10 -10 -10 -9 -8 -7 -6 -6 -6 -6 -5 -5 -5 -5 -5 -4 -4 -4 -4 -4 -3 -3 -3 -3 -2 -2 -1 -------- Run | Yrd Mat Min Exi Min Mat Fac Fac Low Low Dat Pro Fac Upp Upp War Pro Fac Upp Upp Zhi Pro Res Arm Lab Res Tes Acc Hostile Shots Fired 1418 | . 30 6 . . 87 82 . 1 18 . 27 111 32 30 47 30 48 1 54 . . 11 4 18 63 414 304 Missed 434 | . 6 3 . . 11 40 . . 7 . 6 33 7 16 29 13 13 . 14 . . 3 2 1 18 127 85 Hits 984 | . 24 3 . . 76 42 . 1 11 . 21 78 25 14 18 17 35 1 40 . . 8 2 17 45 287 219 Melee 64 | . . . . . 4 . . 1 . . . 7 . . . . . . . . . . . . 2 36 14 Projectile 920 | . 24 3 . . 72 42 . . 11 . 21 71 25 14 18 17 35 1 40 . . 8 2 17 43 251 205 AOE 2 | . . . . . . . . . . . . . . . . . . . . . . . . . 1 1 . Critical Strikes 50 | . . . . . 4 . . . . . 1 7 3 . 1 . 1 . 1 . . . 1 . . 17 14 Part Disruptions 1 | . . . . . . . . . . . . . . . . . . . . . . . . . . . 1 Damage Taken 16995 | . 224 26 . . 1199 447 63 . 211 . 371 1688 510 249 298 350 576 12 496 . . 174 43 365 639 4992 4062 Core 3419 | . 21 18 . . 54 68 21 . . . 31 344 188 249 53 96 93 . 63 . . 22 . 52 30 411 1605 Absorbed by Shields 4416 | . . . . . . 13 . . . . . . . . . . 111 4 94 . . . 45 76 622 2086 1365 Reduced by Siege Mode 175 | . . . . . . . . . . . . . . . . . . . . . . . . . 60 44 71 Redirected to Shielding 16 | . . . . . . . . . . . . . . . . . . . . . . . . . . . 16 Ignored by Resistances 911 | . . . . . 2 . . . . . . 113 . . . . . . 127 . . . . . 52 117 500 Regen/Repaired (Parts) 133 | . . . . . . 55 . . . . . . . . . . . . . . . . . . 78 . . Core Remaining (%) 77 | 100 . . . 84 90 90 . . . . 93 . . . . 7 . . . . 86 . . 85 . 61 . Volleys Fired 516 | . 36 3 . . 50 29 4 1 14 . 12 42 7 . 9 . 32 15 21 . . 7 11 10 30 35 148 Largest 5 | . 2 2 . . 3 3 4 4 4 . 4 4 4 . 1 . 5 4 5 . . 5 5 5 5 4 2 Hottest 598 | . 90 90 . . 240 240 320 320 320 . 320 320 300 . 260 . 598 338 598 . . 413 403 403 403 299 125 Shots Fired 1128 | . 72 6 . . 124 73 16 4 57 . 30 145 19 . 10 . 87 40 93 . 1 29 23 15 71 59 154 Gun 986 | . 72 6 . . 108 66 16 4 57 . 25 142 19 . 8 . 70 40 92 . 1 29 23 9 53 36 110 Cannon 91 | . . . . . 16 1 . . . . . . . . . . . . . . . . . 1 11 18 44 Launcher 41 | . . . . . . 6 . . . . 5 3 . . 2 . 17 . 1 . . . . . 7 . . Special 10 | . . . . . . . . . . . . . . . . . . . . . . . . 5 . 5 . Kinetic 90 | . . . . . 56 1 . . . . . . . . . . . . . . . . . . . 18 15 Thermal 905 | . 72 6 . . 57 66 16 4 57 . 25 142 19 . 10 . 86 40 93 . 1 29 23 10 64 36 49 Explosive 32 | . . . . . . 6 . . . . 5 3 . . . . 1 . . . . . . 5 7 5 . Electromagnetic 11 | . . . . . 11 . . . . . . . . . . . . . . . . . . . . . . Entropic 90 | . . . . . . . . . . . . . . . . . . . . . . . . . . . 90 Robot Hit Streak 31 | . 19 2 . . 10 10 3 3 12 . 12 23 5 . 8 . 19 7 9 . . 5 14 15 13 12 31 Robot Miss Streak 7 | . 4 7 . . 4 4 3 1 4 . 3 6 1 . 2 . 3 2 3 . . 2 . 2 2 4 3 Penetration Max . | . . . . . . . . . . . . . . . . . . . . . . . . . . . . Secondary Targets 22 | . 1 . . . 2 . . . 1 . 1 6 1 . . . . 1 3 . . 1 . . 1 3 1 Max Gunslinging Chain 1 | . 1 . . . 1 . . . 1 . 1 1 1 . . . . 1 1 . . 1 . . 1 1 1 Capacitor 120 | . . . . . . . . . . . . . . . . . . . . . . . . . . . 120 Shots Hit Robots 755 | . 49 2 . . 85 47 10 4 44 . 24 99 13 . 7 . 47 25 54 . . 16 10 8 45 39 127 Core Hits 584 | 1 18 3 . . 45 47 7 2 36 . 25 75 8 . 4 . 31 11 23 . . 11 1 7 24 97 108 Critical Kills 9 | . . . . . . . . . . . . . . . . . . 2 1 . . 1 . . 2 1 2 Critical Parts Destroyed 19 | . . . . . . . . . . . . . . . . . . 2 3 . . . 1 . 3 2 8 Critical Strikes 41 | . 2 . . . 1 . . . . . . 2 . . . . 3 5 5 . . 1 1 1 6 4 10 Burn 10 | . 2 . . . . . . . . . . 2 . . . . 3 1 1 . . . . . 1 . . Meltdown 3 | . . . . . . . . . . . . . . . . . . . . . . . . . 1 . 2 Destroy 17 | . . . . . . . . . . . . . . . . . . 4 4 . . 1 1 . 4 3 . Blast 1 | . . . . . 1 . . . . . . . . . . . . . . . . . . . . . . Sever 2 | . . . . . . . . . . . . . . . . . . . . . . . . 1 . 1 . Detonate 8 | . . . . . . . . . . . . . . . . . . . . . . . . . . . 8 Melee Attacks 3 | . . . . . 3 . . . . . . . . . . . . . . . . . . . . . . Impact . | . . . . . . . . . . . . . . . . . . . . . . . . . . . . Slashing 3 | . . . . . 3 . . . . . . . . . . . . . . . . . . . . . . Piercing . | . . . . . . . . . . . . . . . . . . . . . . . . . . . . Sneak Attacks . | . . . . . . . . . . . . . . . . . . . . . . . . . . . . Combat Hostiles . | . . . . . . . . . . . . . . . . . . . . . . . . . . . . Follow-up Attacks . | . . . . . . . . . . . . . . . . . . . . . . . . . . . . Damage Inflicted 42421 | 6 608 47 . . 1375 1620 286 88 967 . 1267 2774 348 . 241 . 2280 678 1509 . . 447 261 710 2288 11035 13586 Guns 22012 | . 608 35 . . 1037 1103 278 88 967 . 559 2559 348 . 141 . 1089 678 1418 . . 433 261 55 931 1108 8316 Cannons 4539 | . . . . . 232 . . . . . . . . . . . . . . . . . . . 512 490 3305 Explosions 14730 | . . . . . . 425 . . . . 708 207 . . 100 . 1191 . 91 . . . . 342 845 8951 1870 Melee 106 | . . . . . 106 . . . . . . . . . . . . . . . . . . . . . . Ramming 460 | 6 . 12 . . . 92 8 . . . . 8 . . . . . . . . . 14 . . . 225 95 Kinetic 1610 | . . . . . 499 . . . . . . . . . . . . . . . . . . . . 490 621 Thermal 20034 | . 608 35 . . 565 1103 278 88 967 . 559 2559 348 . 241 . 2145 678 1509 . . 433 261 55 1443 1108 5051 Explosive 11714 | . . . . . . 425 . . . . 708 139 . . . . 135 . . . . . . 342 845 8951 169 Electromagnetic 273 | . . . . . 205 . . . . . . 68 . . . . . . . . . . . . . . . Impact . | . . . . . . . . . . . . . . . . . . . . . . . . . . . . Slashing 680 | . . . . . 106 . . . . . . . . . . . . . . . . . . 313 . 261 . Piercing . | . . . . . . . . . . . . . . . . . . . . . . . . . . . . Entropic 7650 | . . . . . . . . . . . . . . . . . . . . . . . . . . . 7650 Highest Corruption 46 | . . . . . . 2 1 1 1 1 1 2 2 2 2 2 3 3 3 3 3 . 4 4 36 46 25 Average Corruption 4 | . . . . . . 1 1 1 1 1 1 1 2 2 1 1 1 3 3 3 3 . 3 1 5 37 13 Corruption Purged 5 | . . . . . . . . . . . . . . . 1 . . . . . . . 4 . . . . Corruption Blocked . | . . . . . . . . . . . . . . . . . . . . . . . . . . . . Effects 156 | . . . . . . 3 1 1 11 2 6 10 3 1 6 2 7 5 18 3 5 . 1 . 10 20 41 Message Errors 40 | . . . . . . . 1 . 4 2 1 2 . . 1 1 . 4 7 1 . . . . 2 5 9 Matter Fused 31 | . . . . . . . . . 4 . 1 2 2 . . . 3 1 2 . 2 . . . 3 5 6 Heat Flow Errors 17 | . . . . . . 1 . 1 1 . 1 . . . 1 1 1 . . 1 2 . . . 1 3 3 Energy Discharges 18 | . . . . . . 1 . . 1 . 3 2 1 . 2 . . . 2 1 . . 1 . . . 4 Parts Rejected 1 | . . . . . . . . . . . . . . . . . . . 1 . . . . . . . . Data Loss (minor) 14 | . . . . . . . . . . . . 2 . . 1 . 1 . 2 . . . . . 2 2 4 Data Loss (major) 8 | . . . . . . . . . . . . 2 . 1 . . . . . . . . . . 2 1 2 Misfires 11 | . . . . . . 1 . . 1 . . . . . 1 . 2 . 3 . 1 . . . . . 2 Alerts 1 | . . . . . . . . . . . . . . . . . . . . . . . . . . . 1 Misdirections 7 | . . . . . . . . . . . . . . . . . . . . . . . . . . 1 6 Weapon Failures 8 | . . . . . . . . . . . . . . . . . . . 1 . . . . . . 3 4 Overload Shots . | . . . . . . . . . . . . . . . . . . . . . . . . . . . . Overflow Damage 484 | . . . . . 2 6 . . . . 104 . . . . . 28 . . . . . . . 50 10 284 Projectiles 253 | . . . . . 1 . . . . . . . . . . . . . . . . . . . 50 . 202 Explosions 222 | . . . . . . 6 . . . . 104 . . . . . 28 . . . . . . . . 10 74 Melee 9 | . . . . . 1 . . . . . . . . . . . . . . . . . . . . . 8 Knockbacks 6 | . . 1 . . 3 1 . . . . . . . . . . . . . . . . . . . 1 . Impact 2 | . . 1 . . . 1 . . . . . . . . . . . . . . . . . . . . . Kinetic 4 | . . . . . 3 . . . . . . . . . . . . . . . . . . . . 1 . Secondary . | . . . . . . . . . . . . . . . . . . . . . . . . . . . . Self-Inflicted Damage 324 | . . . . . . 49 . . . . . . . . . . . . . . . . . . . . 275 Shots 8 | . . . . . . 2 . . . . . . . . . . . . . . . . . . . . 6 Rammed 41 | . . 3 . . . . . . . . . . . . . . . . . . . . . . . 17 21 Targets Rammed 55 | 1 . 3 . 1 . 7 1 . . . . 2 . . . . . . . . . 1 . . . 18 21 Kicked 12 | 1 . . . . . 7 1 . . . . 2 . . . . . . . . . 1 . . . . . Crushed 2 | . . . . 1 . . . . . . . . . . . . . . . . . . . . . 1 . Highest Temperature 499 | . 204 . . . 488 180 . . 12 . . 391 53 . 229 285 499 192 400 136 164 330 279 219 288 422 372 Average Temperature 123 | . 75 . . . 148 47 . . 12 . . 150 26 . 73 213 139 91 145 136 71 176 119 121 124 145 114 Received Heat Transfer 2300 | . 72 . . . 648 87 . . 93 . 57 117 108 . 75 . 21 6 93 . . . . . 8 583 332 Effects 22 | . . . . . 10 . . . . . . 2 . . . . 6 . . . . . . 1 1 2 . Shutdowns 6 | . . . . . 2 . . . . . . . . . . . 2 . . . . . . . . 2 . Energy Bleed 8 | . . . . . 3 . . . . . . 2 . . . . 1 . . . . . . 1 1 . . Interference 3 | . . . . . 1 . . . . . . . . . . . 2 . . . . . . . . . . Matter Decay 2 | . . . . . 2 . . . . . . . . . . . . . . . . . . . . . . Short Circuit 2 | . . . . . 1 . . . . . . . . . . . 1 . . . . . . . . . . Damage (minor) 1 | . . . . . 1 . . . . . . . . . . . . . . . . . . . . . . Siege Activations 7 | . . . . . . . . . . . . . . . . . . . . . . . . . 3 1 3 Total Turns 172 | . . . . . . . . . . . . . . . . . . . . . . . . . 52 58 62 Longest Duration 58 | . . . . . . . . . . . . . . . . . . . . . . . . . 27 58 44 Martial Activations . | . . . . . . . . . . . . . . . . . . . . . . . . . . . . Shielding Activations . | . . . . . . . . . . . . . . . . . . . . . . . . . . . . Robots Disrupted . | . . . . . . . . . . . . . . . . . . . . . . . . . . . . Combat Hostiles . | . . . . . . . . . . . . . . . . . . . . . . . . . . . . Robots Corrupted 1 | . . . . . . . . . . . . . . . . . . . . . . . . . . . 1 Combat Hostiles . | . . . . . . . . . . . . . . . . . . . . . . . . . . . . Parts Fried 2 | . . . . . 1 . . . . . . . . . . . . . . . . . . . . . 1 Impact Corruptions 1 | . . . . . . . . . . . . . . . . . . . . . . . . . . . 1 Robots Melted 9 | . . . . . . 1 . . . . . 3 . . . . . . . . . . 1 . 2 . 2 Combat Hostiles 9 | . . . . . . 1 . . . . . 3 . . . . . . . . . . 1 . 2 . 2 Parts Melted 79 | . 7 . . . . 6 2 . 12 . 1 17 4 . 2 . 8 2 5 . . 2 3 . 2 . 6 Heat Transferred 28541 | . 1759 87 . . 1329 2225 475 200 2175 . 1125 5305 633 . 382 . 3025 1036 2438 . . 668 370 55 1591 904 2759 Parts Sabotaged 3 | . . . . . . . . . . . . . . . . . . . . . . . . . . 3 . Parts Stolen 1 | . . . . . . . . 1 . . . . . . . . . . . . . . . . . . . Parts Stripped . | . . . . . . . . . . . . . . . . . . . . . . . . . . . . Power Chain Reactions 1 | . . . . . 1 . . . . . . . . . . . . . . . . . . . . . . Alert | -11 -10 -10 -10 -9 -8 -7 -6 -6 -6 -6 -5 -5 -5 -5 -5 -4 -4 -4 -4 -4 -3 -3 -3 -3 -2 -2 -1 ------- Run | Yrd Mat Min Exi Min Mat Fac Fac Low Low Dat Pro Fac Upp Upp War Pro Fac Upp Upp Zhi Pro Res Arm Lab Res Tes Acc Maximum Alert Level 5 | . . . . . . . . . . . . 1 . . . . 1 . . . . . . . 1 5 5 Low Security (%) 75 | 100 100 100 . 100 100 100 100 . . . . 59 . . . . 88 . . . . 100 100 . 84 . . Level 1 8 | . . . . . . . . . . . . 40 . . . . 11 . . . . . . . 15 . . Level 2 . | . . . . . . . . . . . . . . . . . . . . . . . . . . . . Level 3 . | . . . . . . . . . . . . . . . . . . . . . . . . . . . . Level 4 6 | . . . . . . . . . . . . . . . . . . . . . . . . . . . 47 Level 5 4 | . . . . . . . . . . . . . . . . . . . . . . . . . . . 31 High Security 2 | . . . . . . . . . . . . . . . . . . . . . . . . . . . 20 Max Security 2 | . . . . . . . . . . . . . . . . . . . . . . . . . . 99 . Peak Influence 2609 | . 75 83 . . 91 196 94 . . . . 387 . . . . 226 . . . . 104 48 . 244 2504 2609 Initial 1480 | . . 13 . . 1 29 94 . . . . 58 . . . . . . . . . . 37 . . 110 1480 Average 317 | . 14 26 . . 18 20 19 . . . . 133 . . . . 77 . . . . 14 13 . 68 1811 1778 Influence Increases 7235 | . 150 70 . 5 330 406 86 . 380 . 305 790 160 75 55 . 518 50 290 . . 135 98 . 405 1019 1908 Destroy 0b10 Robot/C 4000 | . 100 60 . . 240 220 40 . 160 . 260 480 60 . 40 . 260 40 280 . . 100 20 . 240 540 860 Destroy 0b10 Robot/NC 290 | . 30 . . 5 35 30 10 . 5 . . 35 . . . . 25 10 . . . 5 5 . 15 5 75 Destroy Leader 696 | . 16 10 . . 44 72 22 . 20 . 30 84 10 . . . 54 . 10 . . 20 10 . 66 60 168 Allied During Kill 46 | . . . . . . . . . . . . . . . . . . . . . . . 18 . . . 28 Successful Hack 51 | . 4 . . . 4 7 14 . . . . . . . . . 16 . . . . 6 . . . . . Disable Machine 300 | . . . . . . 30 . . . . . 75 . . . . 15 . . . . . 45 . . 105 30 Destroy Structure 847 | . . . . . 7 32 . . . . . 26 . . . . 148 . . . . 4 . . 84 204 342 Partial Spotted 30 | . . . . . . . . . . . . 30 . . . . . . . . . . . . . . . Lose Combat Pursuer 975 | . . . . . . 15 . . 195 . 15 60 90 75 15 . . . . . . . . . . 105 405 Influence Decreases 6239 | . 115 105 . . 270 278 277 2 320 60 212 525 323 88 237 . 304 260 294 . . 63 170 . 209 236 1891 Entered New Map 1803 | . . 22 . . 4 36 99 2 . 60 . 35 133 38 182 . . 80 2 . . . 35 . . 86 989 Time Decay 3421 | . 115 83 . . 216 242 168 . 310 . 192 328 130 50 55 . 246 180 282 . . 53 120 . 199 . 452 Lost Part 580 | . . . . . 50 . 10 . 10 . 20 152 60 . . . 8 . 10 . . 10 . . 10 150 90 Lost Ally 435 | . . . . . . . . . . . . 10 . . . . 50 . . . . . 15 . . . 360 Squads Dispatched 63 | . 1 . . . 1 3 2 . . . . 8 . 1 . . 5 . 1 . . 2 1 . 1 12 25 Investigation 3 | . . . . . . . . . . . . 1 . . . . . . 1 . . . . . . . 1 Extermination 14 | . . . . . . 3 . . . . . 2 . . . . 3 . . . . 2 1 . . . 3 Reinforcement 15 | . 1 . . . 1 . 2 . . . . 2 . . . . 1 . . . . . . . 1 . 7 Assault 24 | . . . . . . . . . . . . . . 1 . . . . . . . . . . . 12 11 Garrison 4 | . . . . . . . . . . . . 3 . . . . 1 . . . . . . . . . . Intercept 3 | . . . . . . . . . . . . . . . . . . . . . . . . . . . 3 Searches Triggered . | . . . . . . . . . . . . . . . . . . . . . . . . . . . . Data Miner Redirects 1 | . . . . . . . . . . . . 1 . . . . . . . . . . . . . . . Construction Impeded 3 | . . . . . . . . . . . . . . . . . 1 . . . . . . . . . 2 Haulers Reinforced 1 | . . . . . . . . . . . . . . . . . . . . . . . . . . . 1 Active Scanning Responses . | . . . . . . . . . . . . . . . . . . . . . . . . . . . . Cargo Convoy Interrupts . | . . . . . . . . . . . . . . . . . . . . . . . . . . . . Stealth | -11 -10 -10 -10 -9 -8 -7 -6 -6 -6 -6 -5 -5 -5 -5 -5 -4 -4 -4 -4 -4 -3 -3 -3 -3 -2 -2 -1 --------- Run | Yrd Mat Min Exi Min Mat Fac Fac Low Low Dat Pro Fac Upp Upp War Pro Fac Upp Upp Zhi Pro Res Arm Lab Res Tes Acc Distress Signals 16 | . 1 . . . 2 . . . . . . 2 . . 2 . 1 . . . . . . . 6 . 2 Communications Jammed . | . . . . . . . . . . . . . . . . . . . . . . . . . . . . Distress Signals . | . . . . . . . . . . . . . . . . . . . . . . . . . . . . Times Spotted 415 | . 13 2 . . 21 17 2 1 19 . 12 32 9 12 25 6 16 1 13 . . 6 6 1 16 99 86 Peak Tracking Total 54 | . 4 1 . . 4 3 2 1 4 . 5 5 5 14 8 6 4 1 4 . . 4 3 1 8 54 24 Tactical Retreats 24 | . . . . . . 1 . . 6 . 1 2 2 1 1 . . . . . . . . . . 3 7 Traps | -11 -10 -10 -10 -9 -8 -7 -6 -6 -6 -6 -5 -5 -5 -5 -5 -4 -4 -4 -4 -4 -3 -3 -3 -3 -2 -2 -1 ------- Run | Yrd Mat Min Exi Min Mat Fac Fac Low Low Dat Pro Fac Upp Upp War Pro Fac Upp Upp Zhi Pro Res Arm Lab Res Tes Acc Traps Triggered 11 | . . . . . . 2 3 . . . . 2 . . . . . . . . . . 1 . . . 3 Indirectly . | . . . . . . . . . . . . . . . . . . . . . . . . . . . . Trap Hack Attempts . | . . . . . . . . . . . . . . . . . . . . . . . . . . . . Triggered . | . . . . . . . . . . . . . . . . . . . . . . . . . . . . Disarmed . | . . . . . . . . . . . . . . . . . . . . . . . . . . . . Reprogrammed . | . . . . . . . . . . . . . . . . . . . . . . . . . . . . Reused . | . . . . . . . . . . . . . . . . . . . . . . . . . . . . Traps Extracted . | . . . . . . . . . . . . . . . . . . . . . . . . . . . . Installed . | . . . . . . . . . . . . . . . . . . . . . . . . . . . . Triggered . | . . . . . . . . . . . . . . . . . . . . . . . . . . . . Machines | -11 -10 -10 -10 -9 -8 -7 -6 -6 -6 -6 -5 -5 -5 -5 -5 -4 -4 -4 -4 -4 -3 -3 -3 -3 -2 -2 -1 ---------- Run | Yrd Mat Min Exi Min Mat Fac Fac Low Low Dat Pro Fac Upp Upp War Pro Fac Upp Upp Zhi Pro Res Arm Lab Res Tes Acc Machines Disabled 24 | . . . . . . 2 . . . . . 5 . . . . 1 . 1 . . . 3 3 . 7 2 Max in Single Turn 4 | . . . . . . 1 . . . . . 3 . . . . 1 . 1 . . . 1 1 . 4 1 Garrison Access 5 | . . . . . . 1 1 . . . . 1 . . . . . . . . . . . . 1 . 1 Machines Repaired . | . . . . . . . . . . . . . . . . . . . . . . . . . . . . Machines Dismantled . | . . . . . . . . . . . . . . . . . . . . . . . . . . . . Machines Sabotaged . | . . . . . . . . . . . . . . . . . . . . . . . . . . . . Overloaded Fab Kills . | . . . . . . . . . . . . . . . . . . . . . . . . . . . . Hacking | -11 -10 -10 -10 -9 -8 -7 -6 -6 -6 -6 -5 -5 -5 -5 -5 -4 -4 -4 -4 -4 -3 -3 -3 -3 -2 -2 -1 --------- Run | Yrd Mat Min Exi Min Mat Fac Fac Low Low Dat Pro Fac Upp Upp War Pro Fac Upp Upp Zhi Pro Res Arm Lab Res Tes Acc Machines Accessed 52 | . 4 1 2 . 5 8 3 . 1 4 . 1 1 . 1 . 6 . 2 4 . 3 3 1 . . 2 Terminals 20 | . 3 . . . 3 3 1 . . . . . . . . . 4 . 1 . . 3 1 . . . 1 Fabricators 1 | . . . . . . . . . . . . . . . . . . . . . . . 1 . . . . Repair Stations 1 | . . . . . . 1 . . . . . . . . . . . . . . . . . . . . . Recycling Units 9 | . 1 . . . 2 3 1 . . . . . . . . . 1 . . . . . 1 . . . . Scanalyzers . | . . . . . . . . . . . . . . . . . . . . . . . . . . . . Garrison Access 5 | . . . . . . 1 1 . . . . 1 . . . . 1 . . . . . . . . . 1 Total Hacks 143 | . 9 1 2 . 17 14 7 . 1 30 . 1 1 . 1 . 14 . 5 17 . 10 4 4 . . 5 Successful 92 | . 4 1 2 . 5 7 4 . 1 30 . 1 1 . 1 . 3 . 5 17 . 2 2 4 . . 2 Failed 51 | . 5 . . . 12 7 3 . . . . . . . . . 11 . . . . 8 2 . . . 3 Catastrophic 11 | . 1 . . . 2 2 . . . . . . . . . . 3 . . . . 3 . . . . . Database Lockouts . | . . . . . . . . . . . . . . . . . . . . . . . . . . . . Manual 42 | . 6 . 1 . 11 7 2 . . . . . . . 3 . . . . . . 8 3 1 . . . Terminals 57 | . 8 . . . 12 8 4 . . . . . . . . . 8 . 4 . . 10 1 . . . 2 Fabricators 2 | . . . . . . . . . . . . . . . . . . . . . . . 2 . . . . Repair Stations 2 | . . . . . . 2 . . . . . . . . . . . . . . . . . . . . . Recycling Units 13 | . 1 . . . 5 3 1 . . . . . . . . . 2 . . . . . 1 . . . . Scanalyzers . | . . . . . . . . . . . . . . . . . . . . . . . . . . . . Garrison Access 11 | . . . . . . 1 2 . . . . 1 . . . . 4 . . . . . . . . . 3 Terminal Hacks 71 | . 2 1 2 . 1 . 1 . 1 30 . . 1 . 1 . 3 . 5 17 . 1 . 4 . . 1 Record 24 | . . . 1 . . . . . . 11 . . . . . . . . 4 5 . . . 3 . . . Part Schematic 15 | . . . . . . . . . . 11 . . . . . . . . . 4 . . . . . . . Robot Schematic 5 | . . . . . . . . . . 5 . . . . . . . . . . . . . . . . . Robot Analysis 4 | . . . . . . . . . . . . . . . . . . . . 4 . . . . . . . Prototype ID Bank 9 | . 1 . . . 1 . . . . 3 . . . . . . . . . 4 . . . . . . . Open Door 5 | . . 1 . . . . . . 1 . . . 1 . 1 . . . 1 . . . . . . . . Branch Access Points 3 | . . . . . . . . . . . . . . . . . 1 . . . . 1 . . . . 1 Alert Level 2 | . . . . . . . 1 . . . . . . . . . 1 . . . . . . . . . . Locate Traps 2 | . 1 . . . . . . . . . . . . . . . 1 . . . . . . . . . . Proto ID Catalog 1 | . . . 1 . . . . . . . . . . . . . . . . . . . . . . . . Release Object 1 | . . . . . . . . . . . . . . . . . . . . . . . . 1 . . . Fabricator Hacks . | . . . . . . . . . . . . . . . . . . . . . . . . . . . . Repair Station Hacks 2 | . . . . . . 2 . . . . . . . . . . . . . . . . . . . . . Scan Component 1 | . . . . . . 1 . . . . . . . . . . . . . . . . . . . . . Repair 1 | . . . . . . 1 . . . . . . . . . . . . . . . . . . . . . Recycling Unit Hacks 7 | . . . . . 2 3 1 . . . . . . . . . . . . . . . 1 . . . . Retrieve Components 7 | . . . . . 2 3 1 . . . . . . . . . . . . . . . 1 . . . . Scanalyzer . | . . . . . . . . . . . . . . . . . . . . . . . . . . . . Garrison Access Hacks 4 | . . . . . . 1 1 . . . . 1 . . . . . . . . . . . . . . 1 Seal Access 4 | . . . . . . 1 1 . . . . 1 . . . . . . . . . . . . . . 1 Unauthorized Hacks 8 | . 2 . . . 2 1 1 . . . . . . . . . . . . . . 1 1 . . . . Terminals 8 | . 2 . . . 2 1 1 . . . . . . . . . . . . . . 1 1 . . . . Assimilate 1 | . . . . . . . . . . . . . . . . . . . . . . . 1 . . . . Botnet 6 | . 1 . . . 2 1 1 . . . . . . . . . . . . . . 1 . . . . . Operators 1 | . 1 . . . . . . . . . . . . . . . . . . . . . . . . . . Fabricators . | . . . . . . . . . . . . . . . . . . . . . . . . . . . . Repair Stations . | . . . . . . . . . . . . . . . . . . . . . . . . . . . . Recycling Units . | . . . . . . . . . . . . . . . . . . . . . . . . . . . . Scanalyzers . | . . . . . . . . . . . . . . . . . . . . . . . . . . . . Garrison Access . | . . . . . . . . . . . . . . . . . . . . . . . . . . . . Data Cores Recovered 5 | . 1 . . . . 2 . . . . . . . . . . . . . . . 1 1 . . . . Used . | . . . . . . . . . . . . . . . . . . . . . . . . . . . . Hacking Detections 27 | . 4 . . . 5 4 1 . . . . . . . . . 6 . 1 . . 3 1 . . . 2 Full Trace Events 2 | . 1 . . . . . . . . . . . . . . . . . 1 . . . . . . . . Feedback Events . | . . . . . . . . . . . . . . . . . . . . . . . . . . . . Feedback Blocked . | . . . . . . . . . . . . . . . . . . . . . . . . . . . . Robot Schematics Acquired 5 | . . . . . . . . . . 5 . . . . . . . . . . . . . . . . . Robots Built . | . . . . . . . . . . . . . . . . . . . . . . . . . . . . Authchips . | . . . . . . . . . . . . . . . . . . . . . . . . . . . . Time . | . . . . . . . . . . . . . . . . . . . . . . . . . . . . Total Robot Build Rating . | . . . . . . . . . . . . . . . . . . . . . . . . . . . . Part Schematics Acquired 15 | . . . . . . . . . . 11 . . . . . . . . . 4 . . . . . . . Parts Built . | . . . . . . . . . . . . . . . . . . . . . . . . . . . . Authchips . | . . . . . . . . . . . . . . . . . . . . . . . . . . . . Time . | . . . . . . . . . . . . . . . . . . . . . . . . . . . . Total Part Build Rating . | . . . . . . . . . . . . . . . . . . . . . . . . . . . . Parts Repaired 1 | . . . . . . 1 . . . . . . . . . . . . . . . . . . . . . Time 38 | . . . . . . 38 . . . . . . . . . . . . . . . . . . . . . Parts Recycled . | . . . . . . . . . . . . . . . . . . . . . . . . . . . . Recycled Matter . | . . . . . . . . . . . . . . . . . . . . . . . . . . . . Retrieved Matter . | . . . . . . . . . . . . . . . . . . . . . . . . . . . . Retrieved Components 19 | . . . . . 9 6 2 . . . . . . . . . . . . . . . 2 . . . . Parts Scanalyzed . | . . . . . . . . . . . . . . . . . . . . . . . . . . . . Part Schematics Acquired . | . . . . . . . . . . . . . . . . . . . . . . . . . . . . Parts Damaged . | . . . . . . . . . . . . . . . . . . . . . . . . . . . . Bothacking | -11 -10 -10 -10 -9 -8 -7 -6 -6 -6 -6 -5 -5 -5 -5 -5 -4 -4 -4 -4 -4 -3 -3 -3 -3 -2 -2 -1 ------------ Run | Yrd Mat Min Exi Min Mat Fac Fac Low Low Dat Pro Fac Upp Upp War Pro Fac Upp Upp Zhi Pro Res Arm Lab Res Tes Acc Used RIF Installer . | . . . . . . . . . . . . . . . . . . . . . . . . . . . . Robots Hacked . | . . . . . . . . . . . . . . . . . . . . . . . . . . . . Non-combat . | . . . . . . . . . . . . . . . . . . . . . . . . . . . . Combat . | . . . . . . . . . . . . . . . . . . . . . . . . . . . . Robot Hacks Applied . | . . . . . . . . . . . . . . . . . . . . . . . . . . . . Relay Couplers Released 3 | . . . . . . . . . . . . . . . . . . . . . . . . . 3 . . Machine Destruction 3 | . . . . . . . . . . . . . . . . . . . . . . . . . 3 . . Fabnet Peak Effective % . | . . . . . . . . . . . . . . . . . . . . . . . . . . . . Robots Rewired 5 | . . . . . . . . . . . . . . . . . . . . . . . 5 . . . . Allies Hacked . | . . . . . . . . . . . . . . . . . . . . . . . . . . . . Hacks Repelled . | . . . . . . . . . . . . . . . . . . . . . . . . . . . . Allies | -11 -10 -10 -10 -9 -8 -7 -6 -6 -6 -6 -5 -5 -5 -5 -5 -4 -4 -4 -4 -4 -3 -3 -3 -3 -2 -2 -1 -------- Run | Yrd Mat Min Exi Min Mat Fac Fac Low Low Dat Pro Fac Upp Upp War Pro Fac Upp Upp Zhi Pro Res Arm Lab Res Tes Acc Total Allies 24 | . . . . . . . . . . . . . . . . . . . . . . . 5 . . . 19 Largest Group 8 | . . . . . . . . . . . . . . . . . . . . . . . 5 . . . 8 Highest-Rated Group 242 | . . . . . . . . . . . . . . . . . . . . . . . 242 . . . 112 Highest-Rated Ally 50 | . . . . . . . . . . . . . . . . . . . . . . . 50 . . . 15 Total Orders 5 | . . 2 . . . . . . . . . 1 . . . . 2 . . . . . . . . . . EXPLORE 3 | . . . . . . . . . . . . 1 . . . . 2 . . . . . . . . . . RETURN 2 | . . 2 . . . . . . . . . . . . . . . . . . . . . . . . . Ally Attacks 84 | . . . . . . . . . . . . . . . . . . . . . . . 12 . . . 72 Total Damage 1630 | . . . . . . . . . . . . . . . . . . . . . . . 340 . . . 1290 Kills 5 | . . . . . . . . . . . . . . . . . . . . . . . 1 . . . 4 Allies Corrupted 3 | . . . . . . . . . . . . . . . . . . . . . . . 3 . . . . Allies Melted 1 | . . . . . . . . . . . . . . . . . . . . . . . . . 1 . . Intel | -11 -10 -10 -10 -9 -8 -7 -6 -6 -6 -6 -5 -5 -5 -5 -5 -4 -4 -4 -4 -4 -3 -3 -3 -3 -2 -2 -1 ------- Run | Yrd Mat Min Exi Min Mat Fac Fac Low Low Dat Pro Fac Upp Upp War Pro Fac Upp Upp Zhi Pro Res Arm Lab Res Tes Acc Active Infowar (turns) 7318 | . 161 154 403 . 455 . . 194 1319 102 462 146 . . 2 97 782 360 1015 180 304 488 414 237 2 . 41 Optics 1 | . . . . . . . . . . . . . . . . . . . . . . . . . 1 . . Sensors 3905 | . . 154 403 . . . . 194 1319 102 462 . . . . . . . 706 180 304 81 . . . . . Terrain 162 | . 161 . . . . . . . . . . . . . . . . . . . . . . . 1 . . T.N.C. 455 | . . . . . 455 . . . . . . . . . . . . . . . . . . . . . . Triangulation 146 | . . . . . . . . . . . . 146 . . . . . . . . . . . . . . . Cloaking 3532 | . . . . . . . . . . . . . . . 2 97 782 360 725 82 304 488 414 237 . . 41 Robot Analysis Total 4 | . . . . . . . . . . . . . . . . . . . . 4 . . . . . . . Derelict Logs Recovered 9 | . . . . . . . . 1 2 . 1 . 2 1 . 1 . . 1 . . . . . . . . Drone Launches 16 | . . 3 . . . . . . . . . 4 . . . . 9 . . . . . . . . . . Drone Recoveries 8 | . . 3 . . . . . . . . . 2 . . . . 3 . . . . . . . . . . Exploration | -11 -10 -10 -10 -9 -8 -7 -6 -6 -6 -6 -5 -5 -5 -5 -5 -4 -4 -4 -4 -4 -3 -3 -3 -3 -2 -2 -1 ------------- Run | Yrd Mat Min Exi Min Mat Fac Fac Low Low Dat Pro Fac Upp Upp War Pro Fac Upp Upp Zhi Pro Res Arm Lab Res Tes Acc Turns Passed 17609 | 81 548 281 403 26 1352 1822 589 246 1319 102 576 1719 274 101 960 163 1155 360 1088 180 304 488 414 275 1053 298 1432 Spaces Moved 11864 | 62 258 159 251 15 487 1180 409 197 880 79 348 799 340 202 1143 230 969 287 874 149 287 252 244 186 591 108 878 Core 1198 | 14 . . . . . . . . . . . . 308 202 438 . . . . . . . . . . . 236 Treads 1782 | . 206 159 251 15 221 . . . . . . . . . . . . . . . . . . . 322 108 500 Legs 7316 | 48 52 . . . 266 1180 409 197 880 79 348 774 32 . . . 502 287 874 149 287 252 244 186 269 . 1 Wheels 25 | . . . . . . . . . . . . 25 . . . . . . . . . . . . . . . Hover 1402 | . . . . . . . . . . . . . . . 705 230 467 . . . . . . . . . . Flight 141 | . . . . . . . . . . . . . . . . . . . . . . . . . . . 141 Fastest Speed 40 | 50 120 160 160 160 120 120 120 120 120 120 120 112 50 50 50 46 40 100 95 100 106 106 100 120 120 147 40 Average Speed 111 | 105 151 160 160 160 179 125 120 120 120 120 121 148 70 50 57 51 74 100 99 102 106 106 111 120 140 152 118 Slowest Speed 450 | 120 160 160 160 160 260 190 120 120 125 120 190 450 270 50 142 54 106 100 100 106 106 108 120 120 320 160 240 Overloaded Moves 306 | . . . . . . . . . . . . . . . 142 84 80 . . . . . . . . . . Propulsion Burnouts . | . . . . . . . . . . . . . . . . . . . . . . . . . . . . Robots Hopped 7 | . . . . . . . . . . . . . . . . . . . . . . . . . . . 7 Potential Cave-ins . | . . . . . . . . . . . . . . . . . . . . . . . . . . . . Cave-ins Triggered . | . . . . . . . . . . . . . . . . . . . . . . . . . . . . Teleports 2 | . . . . . . . . . . . . . . . . . . . . . . . 1 . . 1 . Exploration Rate (%) 43 | 3 41 41 60 7 34 31 14 40 83 68 54 26 59 41 90 48 28 51 91 61 50 6 14 99 19 24 21 Regions Visited 27 Branch Regions 18 Pre-discovered Areas 11 | . . . 1 . . . . . 2 1 . . 1 1 . . . . 2 3 . . . . . . . Known Exits Taken 15 | . . . . . . . . 1 1 1 1 1 1 1 1 1 1 1 1 1 1 1 . . . . . Unknown Exits Taken 12 | 1 1 1 1 1 1 1 1 . . . . . . . . . . . . . . . 1 1 1 1 . Scrap Searched 10 | . . . . . . . . . 3 . . . . . . 2 . 2 1 . 2 . . . . . . Spaces Dug 46 | . . . . . . 21 . . . . 5 10 . . . . 4 . . . . . . . . 3 3 Terrain Destroyed 449 | . . . . . 3 34 . . . . 30 15 2 . . . 82 . 2 . 1 . . . 40 109 131 Melee . | . . . . . . . . . . . . . . . . . . . . . . . . . . . . Projectile 77 | . . . . . 3 . . . . . . . 2 . . . . . 1 . 1 . . . 2 16 52 AOE 372 | . . . . . . 34 . . . . 30 15 . . . . 82 . 1 . . . . . 38 93 79 Terrain Rammed . | . . . . . . . . . . . . . . . . . . . . . . . . . . . . Walls Destroyed . | . . . . . . . . . . . . . . . . . . . . . . . . . . . . Machines Disabled . | . . . . . . . . . . . . . . . . . . . . . . . . . . . . Actions | -11 -10 -10 -10 -9 -8 -7 -6 -6 -6 -6 -5 -5 -5 -5 -5 -4 -4 -4 -4 -4 -3 -3 -3 -3 -2 -2 -1 --------- Run | Yrd Mat Min Exi Min Mat Fac Fac Low Low Dat Pro Fac Upp Upp War Pro Fac Upp Upp Zhi Pro Res Arm Lab Res Tes Acc Total 15438 | 74 340 178 254 16 863 1459 493 202 1095 86 473 1213 361 201 1438 274 1345 329 1038 175 286 455 373 224 764 179 1250 Wait 2272 | . 30 7 . . 252 178 68 2 191 . 108 303 1 . 218 45 294 27 133 . . 189 57 9 49 7 104 Move 11829 | 61 257 158 250 15 486 1179 408 196 879 78 347 798 339 201 1142 229 968 286 873 148 286 251 243 185 590 108 868 Hop 3 | . . . . . . . . . . . . . . . . . . . . . . . . . . . 3 Pick Up 117 | 6 10 1 1 . 19 13 2 . 1 . . 7 1 . 17 . 4 . 1 3 . 1 2 3 13 1 11 Fast Attach 132 | 6 1 1 . . 7 1 . . 5 4 . 9 . . 17 . 12 . 2 8 . 1 6 7 21 1 23 Attach 94 | . . . . . 9 3 3 1 . . 3 22 5 . 4 . 3 . 2 1 . 2 1 2 9 4 20 Detach 38 | . . 1 . . . . . . . . . 17 . . 1 . 2 . . 1 . . . 6 2 1 7 Swap 135 | . 5 2 . 1 17 26 2 2 1 . 3 8 . . 5 . 12 1 5 5 . 2 12 2 17 1 6 Drop 203 | . 1 2 3 . 20 23 1 . 4 4 . 4 8 . 25 . 15 . 1 9 . 1 14 . 33 . 35 Fire 516 | . 36 3 . . 50 29 4 1 14 . 12 42 7 . 9 . 32 15 21 . . 7 11 10 30 35 148 Melee 3 | . . . . . 3 . . . . . . . . . . . . . . . . . . . . . . Ram 21 | . . . . . . . . . . . . . . . . . . . . . . . . . . 1 20 Kick 12 | 1 . . . . . 7 1 . . . . 2 . . . . . . . . . 1 . . . . . Crush 22 | . . 3 . . . . . . . . . . . . . . . . . . . . . . . 17 2 Escape Stasis 10 | . . . . . . . 4 . . . . . . . . . . . . . . . . . . 3 3 Rewire 27 | . . . . . . . . . . . . . . . . . . . . . . . 27 . . . . Trap . | . . . . . . . . . . . . . . . . . . . . . . . . . . . . Miscellaneous 4 | . . . . . . . . . . . . 1 . . . . 3 . . . . . . . . . . Route ------- -11/Scrapyard -10/Materials -10/Mines (discovered 2 exits: [*Mat] / *Exi) -10/Exiles -9/Mines -8/Materials -7/Factory -6/Factory -6/Lower Caves -6/Lower Caves -6/Data Miner -5/Proximity Caves -5/Factory (discovered 2 exits: *Fac / *Upp) -5/Upper Caves -5/Upper Caves -5/Warlord -4/Proximity Caves -4/Factory (discovered 2 exits: *Upp x2) -4/Upper Caves -4/Upper Caves (discovered 2 exits: *Res / *Zhi) -4/Zhirov -3/Proximity Caves -3/Research (discovered 3 exits: *Arm / Qua x2) -3/Armory -3/Lab -2/Research -2/Testing -1/Access (discovered 1 exit: Com) History --------- Turn | Location | Event 4 | -11/Scrapyard | Discovered new exit (range 14) 82 | -11/Scrapyard | Entered Materials 314 | -10/Materials | Build established: Mutant 607 | -10/Materials | Discovered new exit (range 14) 630 | -10/Materials | Entered Mines 745 | -10/Mines | Found a damaged Exp. Sensor Array with a note attached 748 | -10/Mines | Found Prototype Device 748 | -10/Mines | Identified Exp. Sensor Array 781 | -10/Mines | Found the Drone Emporium 790 | -10/Mines | Found Prototype Device 790 | -10/Mines | Identified Sensor Drone Bay 884 | -10/Mines | Discovered new exit (range 8) 905 | -10/Mines | Deemed a non-threat by the Exiles lab entrance 905 | -10/Mines | Discovered new exit (range 5) 911 | -10/Mines | Entered Exiles 950 | -10/Exiles | Met 8R-AWN 979 | -10/Exiles | Met EX-HEX 1025 | -10/Exiles | Met EX-BIN 1070 | -10/Exiles | Aligned with FarCom system 1071 | -10/Exiles | Given EX-Vault access code 1108 | -10/Exiles | Opened EX-Vault 1126 | -10/Exiles | Found AWS/Autocannon 1157 | -10/Exiles | Warned to stay clear of 0b10 Research branches 1202 | -10/Exiles | Met EX-DEC 1213 | -10/Exiles | Learned location of Zion (-7) 1292 | -10/Exiles | Discovered new exit (range 14) 1314 | -10/Exiles | Left Exiles lab with AWS/Autocannon 1314 | -10/Exiles | Entered Mines 1318 | -9/Mines | Discovered new exit (range 14) 1340 | -9/Mines | Entered Materials 1340 | -8/Materials | Evolved 4 slots: Propulsion x1, Utility x2, Weapon x1 1930 | -8/Materials | Lost 4 parts (2n1u1w) 2552 | -8/Materials | Discovered new exit (range 16) 2692 | -8/Materials | Entered Factory 2692 | -7/Factory | Evolved 2 slots: Propulsion x1, Utility x1 2938 | -7/Factory | Repaired Deuterium Engine 2978 | -7/Factory | Build established: Scavenger-Skirmisher 3622 | -7/Factory | Build established: Skirmisher 4471 | -7/Factory | Discovered new exit (range 15) 4514 | -7/Factory | Entered another Factory area 4514 | -6/Factory | Evolved 2 slots: Utility x1, Weapon x1 5093 | -6/Factory | Discovered new exit (range 6) 5103 | -6/Factory | Entered Lower Caves 5195 | -6/Lower Caves | Learned Factory non-interactive machine intel 5260 | -6/Lower Caves | Encountered a Warlord checkpoint 5339 | -6/Lower Caves | Discovered new exit (range 8) 5348 | -6/Lower Caves | Identified exit to Lower Caves 5349 | -6/Lower Caves | Entered another Lower Caves area 5768 | -6/Lower Caves | Encountered a Warlord checkpoint 6645 | -6/Lower Caves | Discovered new exit (range 9) 6654 | -6/Lower Caves | Identified exit to Data Miner 6668 | -6/Lower Caves | Entered Data Miner 6668 | -6/Data Miner | Discovered new exit (range 6) 6693 | -6/Data Miner | Met Data Miner 6714 | -6/Data Miner | Learned location of Section 7 (-3) 6714 | -6/Data Miner | Acquired the access code to Warlord's prototype stash 6732 | -6/Data Miner | Received God Mode back door access code from Data Miner 6769 | -6/Data Miner | Identified exit to Proximity Caves 6770 | -6/Data Miner | Entered Proximity Caves 7050 | -5/Proximity Caves | Identified exit to Factory 7346 | -5/Proximity Caves | Entered Factory 7346 | -5/Factory | Evolved 2 slots: Power x1, Propulsion x1 7347 | -5/Factory | Loaded intel: 223 non-interactive machine locations 7538 | -5/Factory | Discovered new exit (range 16) 7564 | -5/Factory | Identified exit to Factory 7651 | -5/Factory | Build established: Scavenger-Skirmisher 7919 | -5/Factory | Lost 5 parts (1p2n2u) 8301 | -5/Factory | Garrison activated, responded to threat 8695 | -5/Factory | Incoming investigation squad redirected 8861 | -5/Factory | Lost 8 parts (1p3n4w) 8915 | -5/Factory | Discovered new exit (range 12) 9062 | -5/Factory | Identified exit to Upper Caves 9065 | -5/Factory | Entered Upper Caves 9206 | -5/Upper Caves | Lost 6 parts (1n3u2w) 9248 | -5/Upper Caves | Learned location of Warlord (-5) 9303 | -5/Upper Caves | Identified exit to Upper Caves 9321 | -5/Upper Caves | Spotted B-75 Beast 9325 | -5/Upper Caves | Core integrity fell below 50% 9335 | -5/Upper Caves | Encountered a Warlord checkpoint 9339 | -5/Upper Caves | Entered another Upper Caves area 9357 | -5/Upper Caves | Build established: Mutant 9398 | -5/Upper Caves | Attracted the attention of an 0b10 checkpoint 9402 | -5/Upper Caves | Attracted the attention of an 0b10 outpost 9437 | -5/Upper Caves | Discovered new exit (range 8) 9440 | -5/Upper Caves | Identified exit to Warlord 9440 | -5/Upper Caves | Entered Warlord 9461 | -5/Warlord | System corruption cleaned by Quarantine Array 9526 | -5/Warlord | Visited the Vortex Lab 9530 | -5/Warlord | Found Prototype Energy Gun 9530 | -5/Warlord | Identified Vortex Shotgun 9547 | -5/Warlord | Warlord's base attacked by MAIN.C 9561 | -5/Warlord | Met Warlord 9652 | -5/Warlord | Found Prototype Special Weapon 9652 | -5/Warlord | Identified RU-N14's Throwing Claymores v3 9759 | -5/Warlord | Found RU-N14's Throwing Claymores v3 9760 | -5/Warlord | Found RU-N14's Throwing Claymores v3 9762 | -5/Warlord | Found RU-N14's Throwing Claymores v3 9764 | -5/Warlord | Found RU-N14's Throwing Claymores v3 9765 | -5/Warlord | Found RU-N14's Throwing Claymores v3 9897 | -5/Warlord | Warlord forces counterattacked 9927 | -5/Warlord | Opened Warlord's prototype stash 9936 | -5/Warlord | Found Prototype Device 9936 | -5/Warlord | Identified Exp. Cloaking Device 9940 | -5/Warlord | Found Prototype Reactor 9943 | -5/Warlord | Found Prototype Device 9943 | -5/Warlord | Identified System Purifier 9984 | -5/Warlord | Spotted Striker 9994 | -5/Warlord | Destroyed Striker 10010 | -5/Warlord | P-70 Sage assimilated allied WK-9AQ(g) 10025 | -5/Warlord | P-70 Sage assimilated allied R7-HCS(g) 10034 | -5/Warlord | Core integrity fell below 20% 10072 | -5/Warlord | Spotted Executioner 10103 | -5/Warlord | Lost 11 allies 10117 | -5/Warlord | Spotted Striker 10222 | -5/Warlord | Warlord base infiltrated, sounded retreat 10251 | -5/Warlord | Spotted Executioner 10323 | -5/Warlord | Found Vortex Shotgun 10385 | -5/Warlord | Discovered new exit (range 14) 10400 | -5/Warlord | Identified exit to Proximity Caves 10400 | -5/Warlord | Entered Proximity Caves 10478 | -4/Proximity Caves | Learned 4 Research zone layouts 10559 | -4/Proximity Caves | Discovered exit to Factory (range 10) 10563 | -4/Proximity Caves | Entered Factory 10563 | -4/Factory | Evolved 2 slots: Utility x1, Weapon x1 10893 | -4/Factory | Identified exit to Upper Caves 11137 | -4/Factory | Build established: Tank 11455 | -4/Factory | Garrison activated, responded to threat 11718 | -4/Factory | Entered Upper Caves 11772 | -4/Upper Caves | Build established: Pyromaniac-Tank 11777 | -4/Upper Caves | Encountered a Warlord checkpoint 11988 | -4/Upper Caves | Discovered new exit (range 14) 12076 | -4/Upper Caves | Identified exit to Upper Caves 12078 | -4/Upper Caves | Entered another Upper Caves area 12096 | -4/Upper Caves | Discovered new exit (range 8) 12100 | -4/Upper Caves | Attracted the attention of an 0b10 base 12170 | -4/Upper Caves | Learned location of Armory (-3) 12181 | -4/Upper Caves | Destroyed 7 combat bots 12442 | -4/Upper Caves | Build established: Scavenger-Tank 12576 | -4/Upper Caves | Attracted the attention of an 0b10 checkpoint 12939 | -4/Upper Caves | Learned Research terminal intel 13155 | -4/Upper Caves | Discovered new exit (range 9) 13165 | -4/Upper Caves | Identified exit to Zhirov 13166 | -4/Upper Caves | Entered Zhirov 13166 | -4/Zhirov | Discovered new exit (range 3) 13187 | -4/Zhirov | Met Zhirov 13209 | -4/Zhirov | Learned location of Quarantine (-3) 13209 | -4/Zhirov | Learned location of Testing (-2) 13209 | -4/Zhirov | Learned location of Command (-1) 13222 | -4/Zhirov | Zhirov requested help retrieving the SGEMP Prototype 13242 | -4/Zhirov | Found Alien Artifact 13242 | -4/Zhirov | Identified Integrated Dissipator 13242 | -4/Zhirov | Installed Integrated Dissipator, increased core heat dissipation (+20) 13297 | -4/Zhirov | Found Alien Artifact 13345 | -4/Zhirov | Identified exit to Proximity Caves 13346 | -4/Zhirov | Entered Proximity Caves 13588 | -3/Proximity Caves | Discovered new exit (range 12) 13600 | -3/Proximity Caves | Identified exit to Research 13650 | -3/Proximity Caves | Build established: Scavenger-Skirmisher 13650 | -3/Proximity Caves | Entered Research 13650 | -3/Research | Evolved 2 slots: Propulsion x1, Utility x1 13652 | -3/Research | Loaded intel: 22 terminal locations 13786 | -3/Research | Identified exit to Armory 13786 | -3/Research | Identified exit to Quarantine 14079 | -3/Research | Build established: Hacker-Skirmisher 14138 | -3/Research | Entered Armory 14437 | -3/Armory | Spotted B-86 Titan 14442 | -3/Armory | Destroyed B-86 Titan 14550 | -3/Armory | Identified Transdimensional Reconstructor 14550 | -3/Armory | Warped through subspace to slip node 14550 | -3/Armory | Discovered new exit (range 1) 14552 | -3/Armory | Entered Lab 14552 | -3/Lab | Discovered new exit (range 9) 14567 | -3/Lab | Unable to decrypt terminal 14567 | -3/Lab | Opened the door to a hidden lab 14568 | -3/Lab | Gained access to the hidden lab's interior 14573 | -3/Lab | Detected by scanners 14582 | -3/Lab | Confronted by A5 14604 | -3/Lab | Destroyed A5 14610 | -3/Lab | Found Alien Artifact 14610 | -3/Lab | Identified Core Reset Matrix 14610 | -3/Lab | Used Core Reset Matrix 14614 | -3/Lab | Sensed 3 artifacts in vicinity 14630 | -3/Lab | Found Core Expander 14630 | -3/Lab | Installed Core Expander, added new Power slot 14641 | -3/Lab | Found Integrated Reactor 14641 | -3/Lab | Installed Integrated Reactor, increased core energy generation (+10) 14652 | -3/Lab | Found Transdimensional Reconstructor 14683 | -3/Lab | Found Prototype Energy Cannon 14683 | -3/Lab | Identified Warp Cannon 14687 | -3/Lab | Found Prototype Energy Gun 14687 | -3/Lab | Identified Hyp. EM Gauss Rifle 14694 | -3/Lab | Found Prototype Device 14694 | -3/Lab | Identified AEGIS Remote Shield 14699 | -3/Lab | Found Prototype Hackware 14733 | -3/Lab | Found Prototype Special Weapon 14733 | -3/Lab | Identified Gui. Remote Datajack 14770 | -3/Lab | Unable to decrypt terminal 14770 | -3/Lab | Found LC Capacitor 14821 | -3/Lab | Discovered new exit (range 6) 14827 | -3/Lab | Entered Research 14827 | -2/Research | Warlord forces began assault on 0b10 14827 | -2/Research | Evolved 2 slots: Utility x1, Weapon x1 14937 | -2/Research | Research machine network offline 14968 | -2/Research | Met up with Warlord 15025 | -2/Research | Identified Vortex Chain Reactor 15121 | -2/Research | Build established: Hacker-Executioner 15150 | -2/Research | Borebot progress halted 15334 | -2/Research | Discovered new exit (range 15) 15343 | -2/Research | Spotted Striker 15352 | -2/Research | Destroyed Striker 15384 | -2/Research | Borebot progress halted 15390 | -2/Research | Spotted Striker 15398 | -2/Research | Destroyed Striker 15402 | -2/Research | Borebot progress halted 15402 | -2/Research | Destroyed Striker 15443 | -2/Research | Found Prototype Device 15443 | -2/Research | Identified Adv. Particle Accelerator 15448 | -2/Research | Found Adv. Particle Accelerator 15520 | -2/Research | Found Adv. Particle Accelerator 15664 | -2/Research | Spotted Striker 15689 | -2/Research | Destroyed Striker 15838 | -2/Research | System corruption reached 10% 15838 | -2/Research | System corruption reached 30% 15872 | -2/Research | Spotted Striker 15875 | -2/Research | Spotted Executioner 15880 | -2/Research | Entered Testing 15881 | -2/Testing | Maximum security lockdown engaged 15994 | -2/Testing | Warped through subspace 16114 | -2/Testing | Destroyed 10 combat bots 16117 | -2/Testing | Spotted Investigator 16118 | -2/Testing | Scanned by Researcher 16122 | -2/Testing | Spotted Striker 16122 | -2/Testing | Spotted Striker 16132 | -2/Testing | Destroyed Investigator 16159 | -2/Testing | Destroyed 17 combat bots 16167 | -2/Testing | Discovered new exit (range 8) 16178 | -2/Testing | Entered Access 16178 | -1/Access | Evolved 2 slots: Utility x2 16190 | -1/Access | Lost 15 parts (2p3n5u5w) 16210 | -1/Access | Found Unknown Device 16210 | -1/Access | Identified Quantum Capacitor 16211 | -1/Access | Identified Deep Network Scanner 16375 | -1/Access | Identified exit to Command 16824 | -1/Access | Intercept squad dispatched 16851 | -1/Access | Spotted Tracker 16852 | -1/Access | Spotted Tracker 16858 | -1/Access | Destroyed Tracker 16860 | -1/Access | Destroyed Tracker 16904 | -1/Access | Found Prototype Energy Gun 16904 | -1/Access | Identified Immobilizer 16919 | -1/Access | Spotted Combat Programmer 16926 | -1/Access | Spotted Combat Programmer 16926 | -1/Access | Destroyed Combat Programmer 16928 | -1/Access | First assault squad dispatched 16940 | -1/Access | Destroyed Combat Programmer 17043 | -1/Access | Build established: Hacker-Tank 17149 | -1/Access | Destroyed 7 combat bots 17308 | -1/Access | System corruption reached 10% 17313 | -1/Access | High security lockdown imminent 17341 | -1/Access | Lost 3 parts (2u1w) 17368 | -1/Access | Destroyed 17 combat bots 17393 | -1/Access | High security lockdown engaged 17504 | -1/Access | Core integrity fell below 50% 17518 | -1/Access | Emitted hypermatrix ping 17523 | -1/Access | Assembled emerged from beneath the floor 17523 | -1/Access | Core integrity fell below 20% 17550 | -1/Access | Assembled emerged from beneath the floor 17570 | -1/Access | Assembled emerged from beneath the floor 17606 | -1/Access | Lost 9 allies 17610 | -1/Access | Destroyed by H-81 Overseer with Heavy Linear Accelerator Last Messages --------------- 17554_ A bubble of rippling energy engulfs the area. 17554_ Field strength at 93. 17555_ Slug penetrates as-17837. 17555_ as-17837 destroyed. 17555_ Field strength at 86. 17556_ System corrupted: Energy discharge (-37). 17556_ Slug penetrates G-73 Enforcer. 17558_ Field strength at 79. 17559_ Field strength at 72. 17560_ Field strength at 65. 17561_ Slug penetrates G-73 Enforcer. 17563_ K-01 Serf cleans the Wave Collapse Detector. 17570_ Assembled emerge from beneath the floor. 17571_ System corrupted: Component data lost. 17578_ K-01 Serf collects debris. 17596_ CT/NHH7UYMIUL2P8PKAYCUUTP FN 17609_ ALERT: Suspicious intruders detected, dispatching Cutter reinforcements to area. Map ----- +----------------------------------------------------+ | ?????????????????????????????????????????????????? | | ?????????????????????????????????????????????????? | | ?????????????????????????????????????????????????? | | ?????????????????????????????????????????????????? | | ?????????????????????????????????????????????????? | | ?????????????????????????????????????????????????? | | ?????????????????????????????????????????????????? | | ?????????????????????????????????????????????????? | | ?????????????????????????????????????????????????? | | ????????????????????s????????????? ????????????? | | ?????????????????????????????????? "???????????? | | ?????????????????????????????????? "???????????? | | ?????????????????????????????????? """?????????? | | ?????????????????######+#######??? """"????????? | | ?????????????????# #??? ?????????? | | ?????????????????# #??# ??? ???? | | ?????????????????# #??# ?? ???? | | ?????????????????# #??# """"?" "??? | | ?????????????????# """"" #??# """""" "??? | | ?????????????????# """"" #??# """""" ""?? | | ?????????????????# """"" #??# """""" """" | | ?????????????????# """"" #??# """""" """" | | ?????????????????# """"" #### | | ?????????????????# """"" + | | ?????????????????# % #### | | ?????????????????# @ #??# """""" """" | | ?????????????????########/#####??# """""" """" | | ????????????????????????# #??????# """""" """" | | ????????????????????????# #??????# """""" """" | | ????????????????????????# #??????# """""" """" | | ????????????????????????# #??????# g | | ???????????????????????? ??????# | | ???????????????????????? ??????# | | ???????????????????????? H ??? ####### | | ???????????????????????? ??########+####?????# | | ???????????????????????? ???????? ????????#^ | | ????????????????????????#+#??????? ????????# | | ????????????????????????????????? ????????# | | ???????????????????????????????? ????????# | | ???????????????????????????????# ????????# | | ???????????????????????????????# ????????# | | ???????????????????????????????# ???????? | | ???????????????????????????????# "" ""??????? # | | ???????????????????????????????? ""T""?????? ? | | ????????????????????????????????????"???????+ ? | | ????????????????????????????????????????????#### ? | | ???????????????????????????????????????????????# ? | | ???????????????????????????????????????????????? ? | | ?????????????????????????????????????????????????? | | ?????????????????????????????????????????????????? | +----------------------------------------------------+ Best States ------------- Heat Dissipation 147 Coolant Potential 100 Energy Generation 85 Energy Capacity 1095 Matter Stores 300 Matter Capacity 300 Sight Range 16 Robot Scan Range 20 Terrain Scan Range 14 Terrain Scan Density 10 Cloak Strength 4 Power Amplification 30 Additional Mass Support 6 Base Temperature (-) 150 Armor Coverage 750 Resistance: KI 20 Resistance: TH 30 Power Shielding 66 Propulsion Shielding 33 Phase Shifting 15 Evasion (%) 70 Targeting Accuracy 8 Target Analysis 8 Recoil Reduction 6 Particle Charging 75 Offensive Hacking 37 Defensive Hacking 14 Item Schematics ----------------- None Robot Schematics ------------------ None Fabricated ------------ Nothing Repaired ---------- Deuterium Engine | 26% | -7/Factory Alien Tech Used ----------------- Integrated Dissipator Transdimensional Reconstructor Core Reset Matrix Core Expander Integrated Reactor LC Capacitor Achievements -------------- None Challenges ------------ None Game ------ Seed GaussSingularityTether Manual? 0 Play Time 03:01:46 Cumulative 260.4 hours Start 2025.05.29 @ 04:53:15 End 2025.05.29 @ 07:52:20 Sessions 1 Manual Loads 0 Difficulty Rogue Special Mode None Game No. 131 Rogue 131 Adventurer 0 Explorer 0 Win Type - Total 4 Types 4/0/0/0/0/0/0/0/0/0 Lore% 74 Gallery% 76 Achievement% 63 Wizard Run 0 Options --------- Layout 1 ASCII 0 Keyboard 0 Movement Mouse Keybinds 0 Fullscreen 1 Font 24/Smallcaps Map View 50x35 Zoom Use 0% Tactical HUD 1 Map Filters NONE Filters NONE Steam 1 RUN: 089b63c4-4dcc-4292-8a44-802265c001e4